 Dungeon Crawl Stone Soup version 0.30-a0-939-gc8157cb160 (webtiles) character file.

Game seed: 4080100230011503202

43 DeathPants the Caller (level 3, -2/16 HPs)
             Began as a Vine Stalker Summoner on Mar 25, 2023.
             Killed by divine providence
             ... invoked by an orc priest
              (6 damage)
             ... on level 2 of the Dungeon.
             The game lasted 00:07:00 (1298 turns).

DeathPants the Caller (Vine Stalker Summoner)       Turns: 1298, Time: 00:07:00

Health: -2/16      AC:  5    Str: 10    XL:     3   Next: 58%
Magic:  0/8        EV: 11    Int: 15    God:
Gold:   96         SH:  0    Dex: 16    Spells: 2/8 levels left

rFire   . . .      SeeInvis .    c - +0 dagger
rCold   . . .      Faith    .    (no shield)
rNeg    . . .      Spirit   +    l - +0 leather armour
rPois   .          Reflect  .    p - +2 hat
rElec   .          Rampage  .    (no cloak)
rCorr   +                        (no gloves)
Will    .....                    (no boots)
Stlth   ++                       (no amulet)
HPRegen 0.22/turn                h - ring of resist corrosion
MPRegen 0.11/turn                (no ring)

@: no status effects
A: fangs 2, magic shield, antimagic bite, no potion heal 2
a: no special abilities


You were on level 2 of the Dungeon.
You visited 1 branch of the dungeon, and saw 3 of its levels.

You collected 96 gold pieces.

Inventory:

Hand Weapons
 c - a +0 dagger (weapon)
Missiles
 i - 4 datura-tipped darts
 m - a throwing net
Armour
 l - a +0 leather armour (worn)
 p - a +2 hat (worn)
Jewellery
 h - a ring of resist corrosion (left hand)
Scrolls
 a - a scroll of amnesia {unknown}
 e - 2 scrolls of torment {unknown}
 f - a scroll of vulnerability {unknown}
 g - a scroll of identify {unknown}
 j - a scroll of magic mapping {unknown}
Potions
 b - a potion of magic
 d - a potion of cancellation {unknown}
 k - a potion of degeneration {unknown}
 n - 2 potions of curing {unknown}
 o - 2 potions of brilliance {unknown}


   Skills:
 - Level 1.5 Dodging
 - Level 2.4 Stealth
 + Level 3.2 Spellcasting
 + Level 4.6 Summonings


You had 2 spell levels left.
You knew the following spells:

 Your Spells              Type           Power      Damage    Failure   Level
a - Summon Small Mammal   Summ           64%        N/A       4%          1
b - Call Imp              Summ           16%        N/A       6%          2
c - Call Canine Familiar  Summ           16%        N/A       12%         3

Your spell library contained the following spells:

 Spells                   Type           Power      Damage    Failure   Level
 Sting                    Tmut/Pois      8%         1d3       26%         1
 Poisonous Vapours        Pois/Air       4%         N/A       38%         2
 Summon Guardian Golem    Hex/Summ       9%         N/A       30%         3
 Summon Lightning Spire   Summ/Air       9%         N/A       71%         4
 Olgreb's Toxic Radiance  Pois           2%         N/A       95%         4


Dungeon Overview and Level Annotations

Branches:
Dungeon (3/15)

Altars:


Innate Abilities, Weirdness & Mutations

You have extremely sharp teeth.
When hurt, damage is shared between your health and your magic reserves.
Your bite disrupts and absorbs the magic of your enemies.
Potions cannot restore your health.


Message History

Confirm with . or Enter, or press ? or * to list all spells.
A beastly little devil appears in a puff of flame.
Your crimson imp disappears in a puff of smoke!
The kobold throws a stone.
The stone closely misses you.
You barely miss something.
Your crimson imp misses the orc.
You closely miss the orc. The kobold hits you but does no damage.
Your crimson imp hits the orc.
You hit the orc.
The orc is severely wounded.
The orc hits you but does no damage. Something hits you.
The kobold hits you but does no damage.
Your crimson imp hits the orc.
The orc dies!
You hear some strange, mumbled words.
Something tries to affect you, but you resist.
The orc priest closely misses you. The kobold closely misses you.
Your crimson imp closely misses the orc priest.
You see here a +0 mace.
You closely miss the orc priest. Something hits you but does no damage.
The orc priest begins to cast a cantrip, but forgets the words!
The kobold hits you with a +0 short sword.
Your crimson imp hits the orc priest.
You completely miss the orc priest. You bite the orc priest.
You drain its power.
You feel invigorated.
The orc priest is moderately wounded.
Something hits you. The orc priest hits you with a +0 club.
The kobold barely misses you.
Your crimson imp hits the orc priest.
You barely miss the orc priest. You bite the orc priest. You drain its power.
You feel invigorated.
The orc priest is almost dead.
You hear some strange, mumbled words.
A magic dart appears from out of thin air!
The magic dart hits you. The orc priest hits you with a +0 club.
* * * LOW HITPOINT WARNING * * *
The kobold closely misses you.
Your crimson imp hits the orc priest but does no damage.
Okay, then.
Something hits you but does no damage.
The orc priest calls down the wrath of Beogh upon you.
Beogh smites you!
You die...

#
#.#.#.###############....[.##.
# #.#.#............#
###....##. #
#.#.####.........# #....##. #
#.#.###<.........# #######.
#................# #.
###.####.........# #.
#....+.........# #.
#.####.........# #.#
#.....@...# #.# #.....K).$#
#.# #......o5...... #.#
##.....###..... #+# #.....#
...... #.....# .).... #.....#
...... #...... ##### #.....


You could see an orc priest (ally target), a kobold and a friendly crimson imp
(summoned).

Vanquished Creatures
  3 ball pythons
  2 endoplasms
  A jackal (D:1)
  A kobold (D:1)
  2 quokkas
  A bat (D:2)
  2 frilled lizards (D:1)
  3 goblins (D:1)
  4 rats (D:1)
19 creatures vanquished.

Vanquished Creatures (collateral kills)
  A dart slug (D:1)
  An orc (D:2)
  2 ball pythons
  A bat (D:1)
  3 endoplasms
  A giant cockroach (D:1)
  A goblin (D:1)
  4 jackals (D:1)
  A frilled lizard (D:2)
  A kobold (D:1)
  A rat (D:1)
17 creatures vanquished.

Grand Total: 36 creatures vanquished

Notes
Turn   | Place    | Note
-------+----------+-------------------------------------------
     0 | D:1      | DeathPants the Vine Stalker Summoner began the quest for
                  | the Orb.
     0 | D:1      | Reached XP level 1. HP: 9/9 MP: 4/4
   138 | D:1      | Reached XP level 2. HP: 13/13 MP: 2/6
   141 | D:1      | Learned a level 2 spell: Call Imp
   454 | D:1      | Reached XP level 3. HP: 13/16 MP: 6/8
  1042 | D:2      | Learned a level 3 spell: Call Canine Familiar
  1298 | D:2      | Killed from afar by an orc priest

Illustrated notes

Levels and vault maps discovered:
D:1:      wander_arrival_lonely_grave, layout_loops_cross, amethyst_killhole,
          minmay_tall_x
D:2:      layout_basic, dreamdust_ecumenical_altar_statues
D:3:      layout_rooms, gammafunk_temple_overflow_statue, grunt_decor_arrowhead,
          uniq_grinder

Skill      XL: |  1  2  3 |
---------------+----------+-----
Spellcasting   | 3 |  3.2
Dodging        | |  1.5
Stealth        | |  2.4
Summonings     | |  4.6

Action                     || total
---------------------------++-------
  Melee: Unarmed           ||     1
         Dagger            ||    52
         Bite              ||    14
   Cast: Summon Small Mamm ||    11
         Call Imp          ||     8
   Stab: Sleeping          ||     5
 Armour: Robe              ||    11
         Leather armour    ||    12
  Dodge: Dodged            ||    36

Table legend: (Time is in decaauts)
 A = Elapsed time spent in this place.
 B = Non-inter-level travel time spent in this place.
 C = Inter-level travel time spent in this place.
 D = Time resting spent in this place.
 E = Time spent auto-exploring this place.
 F = Levels seen in this place.
 G = Mean time per level.
                   A        B        C        D        E       F      G
               +--------+--------+--------+--------+--------+-----+--------+
         Total |   1298 |   1255 |     43 |      0 |    833 |   3 |  432.7 |
       Dungeon |   1298 |   1255 |     43 |      0 |    833 |   3 |  432.7 |
               +--------+--------+--------+--------+--------+-----+--------+

Top non-repeatable levels by time:
     D:1: 916 daAuts
     D:2: 370 daAuts
     D:3: 11 daAuts
